AoeStats
← Phallero

Arena

509984864Analyzed
2v2 RM · 4d ago on Sep 28, 2026· 40m 43s· 4 players
Game mode
Random Map
Map size
Medium (4 player)
Population
200
Speed
Normal
Resources
Standard
Victory
Conquest
Starting age
Dark Age
Ending age
Imperial Age
RankedLock teamsTeams togetherTeam positionsShared explorationLock speedFull tech treeHidden civsTurbo modeCheats
Victory
Defeat
🇺🇸 Varangians · United States
959
+16
🇺🇸 Byzantines · United States
864
+20
🇫🇮 Teutons · Finland
955
-53
🇫🇮 Teutons · Finland
955
-53
MoroseZeus50
12:54 Feudal Age
14:11 Wheelbarrow
13:26 Double-Bit Axe
13:23 Horse Collar
20:24 Castle Age
22:11 Hand Cart
22:09 Bow Saw
22:02 Heavy Plow
24:16 Murder Holes
24:15 Fletching
28:49 Scale Barding Armor
28:54 Forging
29:48 Husbandry
29:59 Bloodlines
32:04 Ballistics
31:46 Stone Mining
31:46 Gold Mining
35:18 Imperial Age
34:53 Iron Casting
34:38 Chain Barding Armor
36:35 Conscription
36:58 Bodkin Arrow
38:08 Blast Furnace
38:12 Plate Barding Armor
OGDaveyDave
11:14 Feudal Age
12:31 Wheelbarrow
11:42 Double-Bit Axe
11:39 Horse Collar
11:50 Gold Mining
11:50 Stone Mining
14:53 Loom
18:13 Castle Age
17:58 Stone Mining
17:58 Gold Mining
19:35 Hand Cart
19:33 Bow Saw
20:08 Scale Barding Armor
20:06 Padded Archer Armor
22:33 Husbandry
26:59 Chain Barding Armor
30:57 Forging
32:56 Gold Shaft Mining
32:12 Fletching
36:08 Imperial Age
34:36 Murder Holes
35:02 Ballistics
34:47 Bodkin Arrow
39:12 Conscription
38:31 Capped Ram
toyotaenjoyer
1:06 Loom
13:13 Feudal Age
17:00 Wheelbarrow
16:13 Double-Bit Axe
16:38 Horse Collar
19:08 Man-at-Arms
26:47 Castle Age
28:52 Long Swordsman
Phallero
12:08 Feudal Age
13:43 Wheelbarrow
16:57 Gold Mining
17:58 Double-Bit Axe
26:18 Castle Age
Connection lost

Rejoining the realm…

Still unreachable

The connection could not be restored.

Session expired

The server has moved on; the page needs a fresh start.